 Dungeon Crawl Stone Soup version 0.32-a0-666-ge8a88695a4 (webtiles) character file.

Game seed: 3426012968749514386

8549 Esekla the Cleaver (level 11, -8/91 HPs)
             Began as a Mountain Dwarf Wanderer on Mar 9, 2024.
             Was a Believer of Beogh.
             Mangled by a white ugly thing (27 damage)
             ... on level 11 of the Dungeon.
             The game lasted 01:24:28 (13249 turns).

Esekla the Cleaver (Mountain Dwarf Wanderer)       Turns: 13249, Time: 01:24:28

Health: -8/91      AC: 13    Str: 22    XL:     11   Next: 11%
Magic:  27/27      EV: 10    Int: 14    God:    Beogh [**....]
Gold:   36         SH:  5    Dex: 11    Spells: 18/19 levels left

rFire   . . .        k - +3 battleaxe
rCold   . . .        (shield currently unavailable)
rNeg    . . .        d - +2 scale mail
rPois   .            f - +2 helmet
rElec   +            o - scarf of Beauty {shadows, +Blink MP+9}
rCorr   .            (no gloves)
SInv    +            (no boots)
Will    ++...        I - amulet of the Salmon {Reflect rElec rC- Will+ SH+5 SInv} Stlth
                     u - +6 ring of strength
HPRegen 0.35/turn    H - ring of protection from cold
MPRegen 0.20/turn

%: reflection
@: no status effects
A: runic magic, artefact enchanting
a: Renounce Religion, Evoke Blink, Smiting


You were on level 11 of the Dungeon.
You worshipped Beogh.
Beogh was pleased with you.
You visited 3 branches of the dungeon, and saw 13 of its levels.

You collected 462 gold pieces.
You spent 426 gold pieces at shops.

Inventory:

Hand Weapons
 a - a +1 executioner's axe of freezing
 g - a +0 dagger of protection
 k - a +3 battleaxe (weapon)
 s - a +2 dagger of flaming
 v - a +0 trident
Missiles
 h - 5 javelins
 i - 24 poisoned darts (quivered)
 G - 5 boomerangs
 L - a curare-tipped dart
Armour
 b - a +0 buckler
 d - a +2 scale mail (worn)
 f - a +2 helmet (worn)
 o - the scarf of Beauty (worn) {shadows, +Blink MP+9}
   (You found it on level 6 of the Dungeon)

   MP+9:      It affects your magic capacity (+9).
   +Blink:    It lets you blink.
 E - a +0 troll leather armour
Magical Staves
 D - the staff "Eniunel" {rElec rF+ Dex+4 SInv Fire}
   (You found it on level 6 of the Dungeon)

   [staff of fire]

   Base accuracy: +5 Base damage: 5 Base attack delay: 1.2 This weapon's minimum
   attack delay (0.6) is reached at skill level 12.
   Dex+4:     It affects your dexterity (+4).
   rF+:       It protects you from fire.
   rElec:     It insulates you from electricity.
   SInv:      It lets you see invisible.
   Fire:      It increases the power of your Fire spells.
   It falls into the 'Staves' category.
   It is a one-handed weapon.
Jewellery
 u - a +6 ring of strength (left hand)
 H - a ring of protection from cold (right hand)
 I - the amulet of the Salmon (around neck) {Reflect rElec rC- Will+ SH+5 SInv}
   (You found it on level 8 of the Dungeon)

   [amulet of reflection]

   Reflect:   It reflects blocked missile attacks.
   rC-:       It makes you vulnerable to cold.
   rElec:     It insulates you from electricity.
   Will+:     It increases your willpower.
   SInv:      It lets you see invisible.
   SH+5:      It affects your SH (+5).
 K - a ring of protection from fire
Wands
 t - a wand of flame (31)
 x - a wand of acid (16)
 C - a wand of mindburst (15)
Scrolls
 e - 4 scrolls of fog
 j - 2 scrolls of immolation {unknown}
 l - 2 scrolls of noise {unknown}
 m - a scroll of teleportation
 r - 2 scrolls of acquirement
 y - 4 scrolls of enchant weapon
 z - 2 scrolls of vulnerability {unknown}
 A - 2 scrolls of revelation {unknown}
 F - 4 scrolls of fear
 J - 3 scrolls of poison {unknown}
 N - a scroll of silence {unknown}
 O - 2 scrolls of blinking
Potions
 c - a potion of lignification
 n - 3 potions of cancellation
 p - 2 potions of haste
 q - a potion of mutation
 w - 2 potions of enlightenment
 B - 2 potions of might
 M - 3 potions of heal wounds


   Skills:
 * Level 6.8 Fighting
 + Level 3.2 Short Blades
 * Level 10.8 Axes
 + Level 2.0 Throwing
 + Level 9.3 Armour
 + Level 2.2 Dodging
 + Level 0.9 Stealth
 + Level 5.3 Shields
 * Level 4.6 Spellcasting
 * Level 6.2 Necromancy
 + Level 2.5 Fire Magic
 + Level 0.6 Evocations


You had 18 spell levels left.
You knew the following spells:

 Your Spells              Type           Power      Damage    Failure   Level
a - Foxfire               Conj/Fire      24%        2x1d5     13%         1

Your spell library contained the following spells:

 Spells                   Type           Power      Damage    Failure   Level
 Kiss of Death            Conj/Necr      48%        2d9       6%          1
 Dispel Undead            Necr           20%        3d11      16%         4
 Freeze                   Ice            12%        1d3       22%         1
 Volatile Blastmotes      Fire/Tloc      12%        2d11      36%         3
 Confusing Touch          Hex            3%         N/A       54%         3
 Frozen Ramparts          Ice            6%         1d1       54%         3
 Hailstorm                Conj/Ice       3%         3d5       54%         3


Dungeon Overview and Level Annotations

Branches:
Dungeon (11/15)            Temple (1/1) D:6             Orc (1/2) D:9
   Lair: D:8-11

Altars:
Ashenzari
Cheibriados
Dithmenos
Elyvilon
Fedhas
Gozag
Hepliaklqana
Kikubaaqudgha
Makhleb
Nemelex Xobeh
Okawaru
Qazlal
Ru
Sif Muna
Trog
Uskayaw
Vehumet
Wu Jian
Xom
Yredelemnul
Zin
The Shining One

Shops:
D:1 (**=   D:4 :   D:9 :?

Annotations:
D:4 2 transporters, Fodor's ghost, amateur MiFi
Orc:1 Fannar


Innate Abilities, Weirdness & Mutations

Your facial features look somewhat orcish.
Your spellcasting is much less encumbered by armour.
You can use scrolls of enchantment on lesser artefacts.


Message History

Press: ? - help, Shift-Dir - straight line, f - centaur
Aim: a centaur, wielding a +0 shortbow (83% to hit)
The bolt of acid misses the white ugly thing.
The bolt of acid hits the centaur!
The centaur is severely wounded.
Something bites the plant!
The plant begins to die.
The white ugly thing bites you. The white ugly thing freezes you!
You hear an angry hiss.
Aiming: Corrosive Bolt
Press: ? - help, Shift-Dir - straight line, f/p - centaur
Aim: a centaur, wielding a +0 shortbow (severely wounded, 83% to hit)
The bolt of acid hits the white ugly thing!
The acid corrodes the white ugly thing!
The white ugly thing is moderately wounded.
The bolt of acid hits the centaur!
You kill the centaur!
Beogh accepts your kill.
The white ugly thing bites you but does no damage.
You closely miss the white ugly thing.
The white ugly thing is moderately wounded.
You block the white ugly thing's attack.
You barely miss the white ugly thing.
The white ugly thing is moderately wounded.
Something bites the plant!
The plant begins to die.
The white ugly thing bites you but does no damage.
You barely miss the white ugly thing.
The white ugly thing is moderately wounded.
A nearby plant withers and dies.
The white ugly thing closely misses you.
You closely miss the white ugly thing.
The white ugly thing is moderately wounded.
The white ugly thing bites you. The white ugly thing freezes you!!
A basilisk comes into view.
You closely miss the white ugly thing.
The white ugly thing is lightly wounded.
A nearby plant withers and dies.
The white ugly thing barely misses you. The white ugly thing bites you!
* * * LOW HITPOINT WARNING * * *
The white ugly thing freezes you!!
You die...

.......PP.. . #
.......P. .###.
......l ... ....
..... #.## ....W ...
##..# ##.#...##.#
#...## #..#...##@#
.....###..##...#u#
.##...##.# #....W##
.###..^..####.....#
.. .#
##......##..#..#
#.##
..#....###......#..#
.# ##... #......#
##......#..#
...#...# #.###.##
#...........
#......# ..# #.#
#........##. #....#


You could see a white ugly thing (corroded), a basilisk and a wraith.

Vanquished Creatures
  2 two-headed ogres
  A cyclops (D:11)
  2 kobold demonologists (D:10)
  Psyche (D:10)
  A hornet (D:11)
  2 trolls
  2 shadows (D:10)
  3 wraiths
  12 yaks
  A steam dragon (D:6)
  A naga (shapeshifter) (D:10)
  An orc warrior (D:8)
  2 ice beasts
  2 ogres (D:5)
  A sky beast (Temple)
  A black bear (Temple)
  5 centaurs
  2 kobold brigands
  A scorpion (D:4)
  4 bullfrogs
  7 wights
  3 killer bees (D:8)
  5 howler monkeys
  2 bombardier beetles
  4 orc priests
  A gnoll bouda (D:4)
  2 hounds (D:6)
  2 jellies (D:5)
  2 iguanas (D:6)
  5 orc wizards
  Robin (D:2)
  6 gnolls
  5 adders
  2 shadow imps (D:7)
  A white imp (D:4)
  4 dart slugs
  9 orcs
  2 bats
  10 endoplasms
  11 giant cockroaches
  10 goblins
  11 hobgoblins
  2 jackals (D:4)
  18 kobolds
  A quokka (D:2)
  7 ball pythons
  5 frilled lizards
  7 rats
192 creatures vanquished.

Vanquished Creatures (others)
  2 orcs
2 creatures vanquished.

Grand Total: 194 creatures vanquished

Notes
Turn   | Place    | Note
-------+----------+-------------------------------------------
     0 | D:1      | Esekla the Mountain Dwarf Wanderer began the quest for the
                  | Orb.
     0 | D:1      | Esekla set off with the following items: a +0 club, a +0
                  | buckler, a potion of lignification, a +2 scale mail; and
                  | the following spell memorised: Foxfire; and the following
                  | spells available to memorise: Volatile Blastmotes.
     0 | D:1      | Reached XP level 1. HP: 14/14 MP: 2/2
   221 | D:1      | Reached XP level 2. HP: 22/22 MP: 3/3
   232 | D:1      | Found Miubakhlu's Antique Weapon Boutique.
   251 | D:1      | Found Kaihatem's Jewellery Shoppe.
   322 | D:1      | Found Urchapso's General Store.
   360 | D:1      | Found Adaliev's General Store.
   366 | D:1      | Bought a scroll of identify for 26 gold pieces
   620 | D:1      | Reached skill level 1 in Fighting
   646 | D:1      | Reached XP level 3. HP: 21/28 MP: 3/5
   796 | D:2      | Reached skill level 5 in Armour
  1292 | D:1      | Bought a scroll of teleportation for 39 gold pieces
  1461 | D:3      | Reached XP level 4. HP: 35/35 MP: 6/6
  1481 | D:3      | Noticed a bullfrog
  1510 | D:2      | Noticed Robin
  2034 | D:1      | Found Utupeedi's Antique Weapon Emporium.
  2233 | D:2      | HP: 1/35 [Robin/+0 mace (6)]
  2238 | D:2      | Killed Robin
  2797 | D:4      | Reached skill level 1 in Short Blades
  2797 | D:4      | Reached XP level 5. HP: 32/40 MP: 7/7
  2858 | D:4      | You fall into a shaft and drop 1 floor!
  2858 | D:5      | Entered Level 5 of the Dungeon
  2868 | D:5      | Noticed an ice beast
  2876 | D:4      | Found a transporter.
  3376 | D:3      | Reached XP level 6. HP: 48/48 MP: 8/8
  3569 | D:4      | Reached skill level 1 in Throwing
  3725 | D:4      | Found Teplufre's Self-Published Books.
  3753 | D:4      | Found a transporter.
  3754 | D:4      | Noticed Fodor's ghost (amateur MiFi)
  4462 | D:4      | Killed an ice beast
  4818 | D:4      | Reached skill level 1 in Necromancy
  5464 | D:4      | Reached skill level 1 in Axes
  5464 | D:4      | Reached XP level 7. HP: 37/56 MP: 10/10
  5661 | D:6      | Reached skill level 1 in Dodging
  5693 | D:6      | Identified the scarf of Beauty {shadows, +Blink MP+9}
  5718 | D:6      | Noticed a steam dragon
  5749 | D:6      | Killed a steam dragon
  5986 | D:6      | Reached skill level 2 in Axes
  6281 | D:6      | Became a worshipper of Beogh the Shepherd
  6348 | D:6      | Found a bloodstained altar of Trog.
  6364 | D:6      | Found a burning altar of Makhleb.
  6419 | D:6      | Found a staircase to the Ecumenical Temple.
  6433 | Temple   | Entered the Ecumenical Temple
  6442 | Temple   | Reached skill level 3 in Axes
  6659 | Temple   | Reached XP level 8. HP: 33/63 MP: 11/11
  6874 | D:6      | Identified the staff "Eniunel" {rElec rF+ Dex+4 SInv Fire}
  6992 | D:7      | Noticed a troll
  7838 | D:7      | Reached skill level 4 in Axes
  8047 | D:7      | Killed a troll
  8048 | D:7      | Reached XP level 9. HP: 28/71 MP: 13/13
  8221 | D:8      | Reached skill level 5 in Axes
  8418 | D:8      | Identified the amulet of the Salmon {Reflect rElec rC-
                  | Will+ SH+5 SInv}
  8478 | D:8      | Reached skill level 6 in Axes
  8910 | D:8      | Reached skill level 5 in Fighting
  8910 | D:8      | Reached skill level 7 in Axes
  8910 | D:8      | Reached skill level 5 in Necromancy
  8912 | D:8      | Reached * piety under Beogh
  9102 | D:9      | Found Keptav's Vocational Training.
  9350 | D:9      | Identified 2 scrolls of acquirement
  9359 | D:9      | Noticed a troll
  9421 | D:9      | Found Qeduav's Magic Scroll Boutique.
  9953 | D:9      | Reached skill level 8 in Axes
  9989 | D:9      | Found a staircase to the Orcish Mines.
 10108 | Orc:1    | Entered Level 1 of the Orcish Mines
 10108 | Orc:1    | Noticed Fannar
 10151 | D:9      | Killed a troll
 10152 | D:9      | Reached XP level 10. HP: 36/81 MP: 15/15
 10354 | D:10     | Entered Level 10 of the Dungeon
 10517 | D:10     | Found a glowing silver altar of Zin.
 10867 | D:1      | Bought a glowing executioner's axe for 286 gold pieces
 11450 | D:10     | Noticed a two-headed ogre
 11625 | D:10     | Noticed a smoke demon
 11628 | D:10     | Reached skill level 9 in Axes
 11628 | D:10     | a basilisk changed into a harpy
 11628 | D:10     | Noticed a harpy (shapeshifter)
 11650 | D:10     | a harpy changed into a naga
 11652 | D:10     | Reached ** piety under Beogh
 11847 | D:10     | Reached skill level 5 in Shields
 12114 | D:9      | Bought a scroll of blinking for 75 gold pieces
 12199 | D:10     | Reached skill level 10 in Axes
 12216 | D:11     | Noticed Psyche
 12298 | D:10     | Killed a two-headed ogre
 12432 | D:11     | Paralysed by a hornet for 3 turns
 12645 | D:11     | Noticed a two-headed ogre
 12726 | D:10     | Killed Psyche
 12805 | D:11     | Killed a two-headed ogre
 12806 | D:11     | Reached XP level 11. HP: 60/91 MP: 17/17
 13237 | D:11     | Noticed a white ugly thing
 13249 | D:11     | Mangled by a white ugly thing

Illustrated notes

Levels and vault maps discovered:
D:1:      nagdon_arrival_double_spiral, layout_loops_corners, serial_shops,
          nicolae_diamond_shop, shop_statue, shop, nicolae_shop_gaudy_bauble,
          nicolae_shop_tiny_real_fake_doors, serial_bayou_pond_b
D:2:      minmay_roachtagon, layout_basic, uniq_robin
D:3:      layout_basic
D:4:      layout_basic, gammafunk_ghost_stat_death, nicolae_custom_books,
          amethyst_killhole, hangedman_decor_opposing,
          amcnicky_mini_rare_corridor_liquid
D:5:      layout_rooms
D:6:      layout_basic, mainiacjoe_overflow_swirl,
          minmay_temple_entry_crystal_x, chequers_serial_rivers_micro_a
D:7:      layout_cave_pools
D:8:      layout_rooms
D:9:      layout_small_grid, orc_0_dummy, serial_shops, nicolae_shop_tiny_glass,
          nicolae_shop_vocational
D:10:     layout_roguey, mainiacjoe_overflow_tiny_flanked
D:11:     layout_layer_cave, david_lair_shrubbed, uniq_psyche
Temple:   compressed_dpeg_triangle_lava_temple
Orc:1:    layout_caves, serial_shops, nicolae_shop_rolling_square, uniq_fannar

Skill      XL: |  1  2  3  4  5  6  7  8  9 10 |
---------------+-------------------------------+-----
Fighting       | 1 2 3 5 6 |  6.8
Armour         | 5 6 7 8 9 |  9.3
Short Blades   | 1 2 3 |  3.2
Throwing       | 1 2 |  2.0
Shields        | 4 5 |  5.3
Spellcasting   | 2 3 4 |  4.6
Necromancy     | 2 3 4 5 6 |  6.2
Axes           | 1 3 4 8 10 | 10.8
Dodging        | 1 2 |  2.2
Stealth        | |  0.9
Fire Magic     | |  2.5
Evocations     | |  0.6

Action                     |  1- 3 |  4- 6 |  7- 9 | 10-12 || total
---------------------------+-------+-------+-------+-------++-------
  Melee: Club              |   275 |    79 |       |       ||   354
         Dagger            |       |   242 |   180 |       ||   422
         Battleaxe         |       |       |   203 |    53 ||   256
         Executioner's axe |       |       |       |    80 ||    80
  Throw: Dart              |       |    19 |    25 |    26 ||    70
 Invoke: Convert to Beogh  |       |       |     1 |       ||     1
Ability: Evoke Blink       |       |       |     1 |     3 ||     4
  Evoke: Wand              |       |       |     9 |     2 ||    11
    Use: Scroll            |     1 |     4 |     7 |     2 ||    14
         Potion            |       |     5 |     4 |     2 ||    11
   Stab: Confused          |       |       |       |     1 ||     1
 Armour: Scale mail        |   196 |   224 |   355 |   140 ||   915
         Skin              |       |       |       |     4 ||     4
  Dodge: Dodged            |   134 |   114 |   183 |    67 ||   498
  Block: Buckler           |    66 |    69 |    44 |       ||   179
         Other             |       |       |    26 |    24 ||    50
         Reflection        |       |       |     4 |     1 ||     5

Table legend: (Time is in decaauts)
 A = Elapsed time spent in this place.
 B = Non-inter-level travel time spent in this place.
 C = Inter-level travel time spent in this place.
 D = Time resting spent in this place.
 E = Time spent auto-exploring this place.
 F = Levels seen in this place.
 G = Mean time per level.
                   A        B        C        D        E       F      G
               +--------+--------+--------+--------+--------+-----+--------+
         Total |  13543 |  12412 |   1131 |   3644 |   2220 |  13 | 1041.8 |
       Dungeon |  13118 |  11987 |   1131 |   3269 |   2220 |  11 | 1192.5 |
        Temple |    422 |    422 |      0 |    375 |      0 |   1 |  422.0 |
  Orcish Mines |      3 |      3 |      0 |      0 |      0 |   1 |    3.0 |
               +--------+--------+--------+--------+--------+-----+--------+

Top non-repeatable levels by time:
     D:4: 1998 daAuts
     D:2: 1551 daAuts
     D:9: 1435 daAuts
    D:10: 1327 daAuts
     D:1: 1319 daAuts
     D:6: 1190 daAuts
     D:8: 1062 daAuts
     D:7: 1011 daAuts
     D:3: 857 daAuts
     D:5: 744 daAuts
    D:11: 619 daAuts
  Temple: 422 daAuts
   Orc:1: 3 daAuts
